 Dungeon Crawl Stone Soup version 0.28.0-47-ge53b351184 (webtiles) character file.

Game seed: 16277499319952427136

372 101zpm the Covered (level 6, 0/38 HPs)
             Began as a Gargoyle Fighter on Apr 27, 2022.
             Slain by Pikel
             ... wielding a +1 whip of freezing
              (1 damage)
             ... on level 3 of the Dungeon.
             The game lasted 00:08:12 (5360 turns).

101zpm the Covered (Gargoyle Fighter)               Turns: 5360, Time: 00:08:14

Health: 0/38       AC: 17    Str: 21    XL:     6   Next: 71%
Magic:  6/6        EV:  9    Int:  9    God:
Gold:   162        SH:  4    Dex:  9    Spells: 5/5 levels left

rFire   . . .      SeeInvis .   w - +2 club (spect)
rCold   . . .      Faith    .   c - +0 buckler
rNeg    + . .      Spirit   .   b - +0 scale mail
rPois   ∞          Reflect  .   j - +2 hat {Will+}
rElec   +          Harm     .   (no cloak)
rCorr   .          Rampage  .   (no gloves)
Will    +....                   (no boots)
Stlth   ..........              (no amulet)
HPRegen 0.12/turn               f - +4 ring of protection
MPRegen 0.10/turn               g - ring of wizardry

@: no status effects
A: sickness immunity, AC +4, negative energy resistance 1, electricity
resistance, torment resistance 1, petrification resistance
a: no special abilities


You were on level 3 of the Dungeon.
You visited 1 branch of the dungeon, and saw 4 of its levels.

You collected 162 gold pieces.

Inventory:

Hand Weapons
 a - a +0 flail
 s - a +2 whip of flaming
 w - a +2 spectral club (weapon)
Armour
 b - a +0 scale mail (worn)
 c - a +0 buckler (worn)
 j - a +2 hat of willpower (worn)
Jewellery
 f - a +4 ring of protection (left hand)
 g - a ring of wizardry (right hand)
Wands
 u - a wand of acid (4)
Scrolls
 e - 2 scrolls of teleportation {unknown}
 h - a scroll of enchant armour {unknown}
 i - a scroll of immolation {unknown}
 l - 2 scrolls of identify {unknown}
 n - a scroll of magic mapping {unknown}
 q - a scroll of vulnerability {unknown}
 r - a scroll of fog {unknown}
 v - a scroll of noise {unknown}
Potions
 d - a potion of might
 k - 3 potions of heal wounds {unknown}
 m - a potion of brilliance {unknown}
 o - 3 potions of curing {unknown}
 p - a potion of berserk rage {unknown}
 t - a potion of invisibility {unknown}


   Skills:
 + Level 4.2 Fighting
 + Level 4.4 Maces & Flails
 + Level 5.0 Armour
 + Level 1.1 Dodging
 + Level 1.0 Stealth
 + Level 4.2 Shields


You had 5 spell levels left.
You didn't know any spells.
Your spell library contained the following spells:

 Spells                   Type           Power      Damage    Failure   Level
 Freeze                   Ice            0%         1d3       45%         1
 Frozen Ramparts          Ice            0%         1d2       82%         3
 Hailstorm                Conj/Ice       0%         3d3       99%         4


Dungeon Overview and Level Annotations

Branches:
Dungeon (4/15)
 Temple: D:4-7

Altars:
Xom

Annotations:
D:3 Pikel


Innate Abilities, Weirdness & Mutations

You are immune to sickness and miasma.
Your stone body is resilient. (AC +4)
You are immune to poison.
You resist negative energy. (rN+)
You are resistant to electric shocks. (rElec)
You are resistant to unholy torment.
You are immune to petrification.


Message History

Pikel is moderately wounded.
Your +2 spectral club barely misses Pikel.
Pikel closely misses you.
You closely miss Pikel.
Pikel is moderately wounded.
Your +2 spectral club closely misses Pikel.
Pikel closely misses you.
Pikel hits you with a +1 whip of freezing!
Pikel freezes you.
You barely miss Pikel.
Pikel is moderately wounded.
Your +2 spectral club hits Pikel.
Pikel hits you with a +1 whip of freezing!
Pikel freezes you.
You are too injured to fight recklessly!
You are too injured to fight recklessly!
You barely miss Pikel.
Pikel is heavily wounded.
Your +2 spectral club barely misses Pikel.
Pikel hits you with a +1 whip of freezing.
Pikel freezes you.
* * * LOW HITPOINT WARNING * * *
You closely miss Pikel.
Pikel is heavily wounded.
Your +2 spectral club barely misses Pikel.
Pikel hits you but does no damage.
You hit Pikel but do no damage.
Pikel is heavily wounded.
Your +2 spectral club hits Pikel but does no damage.
Pikel hits you with a +1 whip of freezing!
* * * LOW HITPOINT WARNING * * *
Pikel freezes you.
* * * LOW HITPOINT WARNING * * *
You hit Pikel but do no damage.
Pikel is heavily wounded.
Your +2 spectral club hits Pikel.
Pikel hits you with a +1 whip of freezing.
* * * LOW HITPOINT WARNING * * *
Pikel freezes you.
You die...

# #...............#
#######..##############
.........#######
.........K)....#
##############.# #.##
#..# ######K##
##.....(@# #..###.#.#
#####.## #.#.## #.....#
#.#..# ##.##### #.##.#
#..# #.##.# # ##.##
#.##.#### # #..#
####.##....# ###.##
###....#####.#


You could see Pikel and a friendly +2 spectral club (summoned).

Vanquished Creatures
  A hound (D:3)
  Jessica (D:3)
  Terence (D:3)
  12 gnolls
  3 adders
  2 dart slugs (D:2)
  3 orcs (D:3)
  9 ball pythons
  6 endoplasms
  8 giant cockroaches
  29 goblins
  29 hobgoblins
  3 jackals (D:1)
  2 quokkas (D:2)
  5 bats
  2 frilled lizards
  7 kobolds
  5 rats
128 creatures vanquished.

Notes
Turn   | Place    | Note
-------+----------+-------------------------------------------
     0 | D:1      | 101zpm the Gargoyle Fighter began the quest for the Orb.
     0 | D:1      | Reached XP level 1. HP: 14/14 MP: 1/1
    41 | D:3      | Noticed Jessica
   371 | D:2      | Reached XP level 2. HP: 15/19 MP: 2/2
   506 | D:2      | Found a shimmering altar of Xom.
   874 | D:2      | Reached XP level 3. HP: 23/23 MP: 3/3
  1946 | D:2      | Reached skill level 4 in Armour
  1947 | D:2      | Reached XP level 4. HP: 21/29 MP: 4/4
  2035 | D:3      | Killed Jessica
  2725 | D:3      | Reached XP level 5. HP: 21/33 MP: 5/5
  3639 | D:3      | Reached XP level 6. HP: 34/38 MP: 6/6
  4084 | D:3      | Noticed Terence
  4146 | D:3      | Killed Terence
  4147 | D:3      | Reached skill level 1 in Stealth
  4384 | D:3      | Reached skill level 1 in Dodging
  4551 | D:3      | Reached skill level 5 in Armour
  5016 | D:4      | Noticed Pikel
  5360 | D:3      | HP: 1/38 [Pikel/+1 whip of freezing (2)]
  5360 | D:3      | Slain by Pikel

Illustrated notes

Levels and vault maps discovered:
D:1:      erik_arrival_triangle_large, layout_loops_corners
D:2:      layout_loops_ring, basic_altar, amethyst_killhole
D:3:      minmay_goblin_kobold_castle, layout_rooms, uniq_jessica, uniq_terence
D:4:      layout_loops_ring, uniq_pikel, uniq_crazy_yiuf_cottage

Skill      XL: |  1  2  3  4  5  6 |
---------------+-------------------+-----
Armour         | 4 5 |  5.0
Maces & Flails | 3 4 |  4.4
Fighting       | 4 |  4.2
Shields        | 4 |  4.2
Stealth        | 1 |  1.0
Dodging        | 1 |  1.1

Action                   |  1- 3 |  4- 6 || total
-------------------------+-------+-------++-------
Melee: Flail             |   136 |    81 ||   217
       Whip              |       |   198 ||   198
       Club              |       |    32 ||    32
Armor: Scale mail        |    80 |   174 ||   254
Dodge: Dodged            |    63 |   158 ||   221
Block: Buckler           |    33 |    74 ||   107
